 Dungeon Crawl Stone Soup version 0.18-a0-775-g4d9e04e (webtiles) character file.

125 Duffy the Stinger (level 5, -1/29 HPs)
             Began as a Gargoyle Venom Mage on Dec 13, 2015.
             Slain by an orc wizard
             ... wielding a +0 dagger
              (2 damage)
             ... on level 2 of the Dungeon.
             The game lasted 00:04:37 (2926 turns).

Duffy the Stinger (Gargoyle Venom Mage)             Turns: 2926, Time: 00:04:37

Health: -1/29      AC:  8    Str: 12    XL:     5   Next: 9%
Magic:  5/8        EV: 12    Int: 16    God:
Gold:   37         SH:  0    Dex: 10    Spells: 1 memorised, 7 levels left

rFire  . . .     SeeInvis .     h - +0 whip
rCold  . . .     Clarity  .     a - +0 robe
rNeg   + . .     SustAt   .     (no shield)
rPois  ∞         Gourm    .     s - +0 helmet
rElec  +         Spirit   .     (no cloak)
rCorr  .         Dismiss  .     f - +0 pair of gloves
rMut   .         Stasis   .     (no boots)
MR     .....                    (no amulet)
Stlth  ++........               (no ring)
                                t - +1 ring of slaying

@: not resistant to hostile enchantments, unstealthy
A: negative energy resistance 1, electricity resistance, unbreathing,
petrification resistance, rot immunity, AC +4
a: no special abilities


You were on level 2 of the Dungeon.
You were hungry.

You visited 1 branch of the dungeon, and saw 3 of its levels.

You collected 37 gold pieces.


Innate Abilities, Weirdness & Mutations

You are resistant to torment.
Your stone body is resilient (AC +4).
You are immune to poison.
You resist negative energy.
You are resistant to electric shocks.
You can survive without breathing.
You are immune to petrification.
You are immune to rotting.


   Skills:
 - Level 1.0 Fighting
 + Level 3.7 Maces & Flails
 - Level 1.5 Dodging
 - Level 2.1 Stealth
 - Level 2.0 Spellcasting
 - Level 4.5 Poison Magic


You had 7 spell levels left.
You knew the following spells:

 Your Spells              Type           Power        Failure   Level  Hunger
a - Sting                 Conj/Pois      #...         10%         1    #......

Inventory:

Hand Weapons
 h - a +0 whip (weapon)
Armour
 a - a +0 robe (worn)
 f - a +0 pair of gloves (worn)
 o - a +0 ring mail
 s - a +0 helmet (worn)
Jewellery
 t - a +1 ring of slaying (left hand)
Wands
 l - a wand of random effects (31)
Scrolls
 e - 4 scrolls of identify {unknown}
 j - a scroll of remove curse {unknown}
 k - a scroll of enchant armour {unknown}
 n - 2 scrolls of enchant weapon {unknown}
 p - a scroll of noise {unknown}
Potions
 g - a potion of invisibility {unknown}
 i - a potion of curing {unknown}
Books
 b - a Young Poisoner's Handbook
Comestibles
 c - 2 bread rations
 d - 2 beef jerkies
 m - a royal jelly
 q - 3 fruits
 r - 2 chunks of flesh

Dungeon Overview and Level Annotations

Branches:
Dungeon (3/15)

Altars:


Message History

The orc wizard hits you but does no damage.
The orc wizard mumbles some strange words.
The orc wizard seems to speed up.
The orc wizard casts a spell at you. The magic dart hits you!
The orc wizard gestures at you while chanting.
The magic dart hits you!
Things that are here:
a dagger; a club; a kobold corpse The orc wizard hits you but does no damage.
There is a stone staircase leading up here.
The orc wizard closely misses you.
You climb upwards.
There is a stone staircase leading down here.
Cast which spell? (? or * to list)
Aiming: Sting
Press: ? - help, Shift-Dir - straight line, f - orc wizard
Aim: an orc wizard, wielding a dagger and wearing a robe (fast)
The sting hits the orc wizard.
The orc wizard is lightly wounded.
The orc wizard closely misses you.
The orc wizard hits you but does no damage.
Cast which spell? (? or * to list)
Aiming: Sting
Press: ? - help, Shift-Dir - straight line, f/p - orc wizard
Aim: an orc wizard, wielding a dagger and wearing a robe (lightly wounded, fast)
The sting hits the orc wizard.
The orc wizard is poisoned.
The orc wizard is lightly wounded.
The orc wizard points at you and mumbles some strange words.
The puff of frost hits you!
You closely miss the orc wizard.
The orc wizard is lightly wounded.
The orc wizard casts a spell at you. The puff of flame hits you!
The orc wizard hits you with a dagger.
You die...

#.# #.# #<##.# #.#.##.###. #.#
#.#####.##.####....)..##. #.#
##.#.....##..)##.....#....
#.#####.<.........#.#........##.
#.#....).....#.##...............
#.#.###..#.###.###.##.......####
#..#.....#.....###.###......#
###.####.###..)[)...).....#.#
#.## #.# #.#(@o....)...##.#
####..###.# #.#####(######...#
#.........# #.# #.....##.###
#.###.##### #.# #####.##.# #.#
#.# #.##### #.##.# #.# #.#
#.....# #.##.# #.# #.# #####.#
#.##.# #.# #.# #.# #)##.# #.#
#.# #.# #.##.#


You could see an orc wizard.

Action                   |  1- 3 |  4- 6 || total
-------------------------+-------+-------++-------
Melee: Whip              |    77 |    71 ||   148
 Cast: Sting             |    35 |    31 ||    66
 Stab: Sleeping          |     3 |       ||     3
  Eat: Chunk             |     3 |     4 ||     7

Notes
Turn   | Place    | Note
--------------------------------------------------------------
     0 | D:1      | Duffy the Gargoyle Venom Mage began the quest for the Orb.
     0 | D:1      | Reached XP level 1. HP: 10/10 MP: 3/3
   292 | D:1      | Reached XP level 2. HP: 14/16 MP: 5/5
   458 | D:1      | Reached skill level 1 in Fighting
  1003 | D:1      | Reached skill level 1 in Maces & Flails
  1003 | D:1      | Reached XP level 3. HP: 18/20 MP: 1/6
  1468 | D:2      | Reached skill level 2 in Maces & Flails
  1811 | D:3      | Noticed Jessica
  1817 | D:3      | Killed Jessica
  1817 | D:3      | Reached XP level 4. HP: 25/25 MP: 3/7
  2244 | D:2      | Reached skill level 3 in Maces & Flails
  2309 | D:3      | Noticed Robin
  2752 | D:2      | Killed Robin
  2752 | D:2      | Reached XP level 5. HP: 29/29 MP: 1/8
  2926 | D:2      | Slain by an orc wizard

Vault maps used:
D:1:      dpeg_arrival_lava_temple_mockup, minmay_newt_pond
D:3:      uniq_jessica, uniq_robin

Vanquished Creatures
  Jessica Robin
  A gnoll
  2 adders
  2 giant geckos
  An orc
  4 ball pythons
  8 goblins
  9 hobgoblins
  2 jackals
  5 kobolds
  6 bats
  3 giant cockroaches
  7 giant newts
  2 rats
54 creatures vanquished.
